 Dungeon Crawl Stone Soup version 0.26-a0-1033-gd598b01645 (webtiles) character file.

Game seed: 12585985275510388896

5240 sahdkjhfkaj the Transmogrifier (level 10, 0/83 HPs)
             Began as a Troll Transmuter on Dec 11, 2020.
             Was a Believer of Ashenzari.
             Killed by divine providence
             ... invoked by an orc priest
              (9 damage)
             ... on level 9 of the Dungeon.
             The game lasted 00:11:30 (8466 turns).

sahdkjhfkaj the Transmogrifier (Troll Transmuter)   Turns: 8466, Time: 00:11:31

Health: 0/83       AC:  7    Str: 20    XL:     10   Next: 35%
Magic:  5/10       EV: 10    Int: 12    God:    Ashenzari [**....]
Gold:   453        SH:  5    Dex: 10    Spells: 5/11 levels left

rFire    . . .     SeeInvis .     - Unarmed
rCold    + . .     Faith    .   (shield currently unavailable)
rNeg     . . .     Spirit   .   a - +0 robe
rPois    .         Reflect  +   (helmet restricted)
rElec    .         Harm     .   l - +0 cloak
rCorr    +         Rampage  .   (gloves unavailable)
Will     .....                  (boots unavailable)
Stlth    +.........             b - amulet of reflection (curse)
HPRegen  0.63/turn              r - ring of resist corrosion
MPRegen  0.12/turn              c - ring of protection from cold

@: blade hands
A: large, unfitting armour, claws 3, regeneration 1, shaggy fur 1, tough skin 3
a: End Transformation, Curse Item, Scrying, Renounce Religion


You were on level 9 of the Dungeon.
You worshipped Ashenzari.
Ashenzari was pleased with you.
You had blades for hands.
You visited 2 branches of the dungeon, and saw 10 of its levels.
You also visited: Ossuary.

You collected 453 gold pieces.

Inventory:

Armour
 a - a +0 robe (worn)
 l - a +0 cloak (worn)
Jewellery
 b - a cursed amulet of reflection (around neck)
 c - a ring of protection from cold (right scythe-like blade)
 r - a ring of resist corrosion (left scythe-like blade)
 y - an uncursed amulet of the acrobat
Wands
 v - a wand of iceblast (9) {@v4}
Scrolls
 d - a scroll of immolation
 e - a scroll of amnesia
 f - 5 scrolls of teleportation {@r3}
 g - a scroll of vulnerability {unknown}
 i - a scroll of fog {unknown}
 o - 3 scrolls of remove curse {@r2}
 t - a scroll of holy word {unknown}
 w - a scroll of fear
 x - a scroll of enchant weapon {unknown}
Potions
 h - 2 potions of berserk rage
 j - 3 potions of haste {unknown}
 k - 2 potions of heal wounds {@q2}
 m - 3 potions of might {unknown}
 n - 2 potions of cancellation {unknown}
 p - 3 potions of brilliance {unknown}
 q - 4 potions of flight {unknown}
 s - 2 potions of magic {unknown}
 u - 5 potions of curing {unknown}
 z - a potion of attraction {unknown}


   Skills:
 - Level 0.7 Fighting
 - Level 1.5 Dodging
 + Level 9.4 Unarmed Combat
 - Level 1.2 Spellcasting
 * Level 9.8 Transmutations


You had 5 spell levels left.
You knew the following spells:

 Your Spells              Type           Power        Failure   Level
a - Beastly Appendage     Tmut           ###...       12%         1
A - Blade Hands           Tmut           ###.......   54%         5

Your spell library contained the following spells:

 Spells                   Type           Power        Failure   Level
 Wereblood                Tmut           ###.....     14%         2
 Spider Form              Tmut/Pois      ##........   50%         3
 Animate Skeleton         Necr           #.....       73%         1
 Apportation              Tloc           #.....       73%         1
 Corona                   Hex            #......      73%         1
 Freeze                   Ice            #...         73%         1
 Summon Small Mammal      Summ           #...         73%         1
 Ice Form                 Ice/Tmut       ##......     78%         4
 Call Imp                 Summ           #.......     82%         2
 Call Canine Familiar     Summ           #.......     94%         3
 Frozen Ramparts          Ice            #.....       94%         3
 Ozocubu's Armour         Ice            #.......     94%         3
 Summon Guardian Golem    Hex/Summ       #.......     94%         3
 Hailstorm                Conj/Ice       #.......     100%        4
 Summon Ice Beast         Ice/Summ       #.......     100%        4
 Summon Lightning Spire   Summ/Air       #.......     100%        4


Dungeon Overview and Level Annotations

Branches:
Dungeon (9/15)             Temple (1/1) D:4         Ossuary (visited)
   Lair: D:8-11         Orc: D:9-12

Altars:
Ashenzari
Cheibriados
Dithmenos
Elyvilon
Fedhas
Gozag
Hepliaklqana
Kikubaaqudgha
Makhleb
Nemelex Xobeh
Okawaru
Qazlal
Ru
Sif Muna
Trog
Uskayaw
Vehumet
Wu Jian
Xom
Yredelemnul
Zin
The Shining One
Beogh

Annotations:
D:5 1 runed translucent door, Crazy Yiuf
D:7 exclusions: 3 electric eels and 21 more exclusions


Innate Abilities, Weirdness & Mutations

You are too large for most types of armour.
You have claws for hands.
Your natural rate of healing is unusually fast.
You are covered in fur. (AC +1)
You have extremely tough skin. (AC +3)


Message History

The gnoll hits you from afar with a +0 spear.
The orc hits you but does no damage.
You rip the net and break free!
You block the gnoll's attack.
The gnoll hits you from afar with a +0 spear.
The orc misses you.
The orc priest mumbles some strange prayers to Beogh against you.
Pain shoots through your body!
The orc priest calls down the wrath of Beogh upon you.
Pain shoots through your body!
* * * LOW HITPOINT WARNING * * *
Casting: Blade Hands (dangerous; 14% risk of failure)
Confirm with . or Enter, or press ? or * to list all spells.
Your hands turn into razor-sharp scythe blades.
The orc priest mumbles some strange prayers to Beogh against you.
Beogh smites you!
* * * LOW HITPOINT WARNING * * *
You barely miss the orc priest.
The orc priest calls down the wrath of Beogh upon you.
Beogh smites you!
You die...

...#..)))...)...........#
*#.#.#)#)##(#.##...###(.#
,, #.).#........##..##
#..# *#.#..)...#.#.....#
##.# * **
...#.#..)...#.##..# #.#
..##........#...##..# * *
#.. #.#.##.#.#.#.##.##
*..*,............#....# *
,.* .##.###.##@#.#.##.# ,
* #, .......oo....##.#
*#.*###.###g##.#.##.# * ,
* .#.####.###g##.#.##.# ,
..........go........# * *
...........(......###
.......g...######:.# *
###......## #.#
##......## *##


You could see an orc priest, 3 gnolls and 2 orcs.

Vanquished Creatures
  Psyche (D:9)
  Maggie (D:9)
  A troll (D:9)
  6 orc warriors
  4 sky beasts
  3 ice beasts
  4 ogres
  3 centaurs
  4 bullfrogs
  A gnoll sergeant (D:9)
  A water moccasin zombie (D:8)
  5 scorpions
  4 wights (D:9)
  A howler monkey (D:7)
  A bullfrog zombie (D:6)
  3 centaur zombies
  2 human zombies (Ossuary)
  6 hounds
  A jelly (D:7)
  A bullfrog skeleton (D:4)
  11 orc priests
  A centaur skeleton (D:6)
  A gnoll shaman (D:7)
  An iguana (D:8)
  10 orc wizards
  6 worker ants
  A hound zombie (D:8)
  2 mummies (Ossuary)
  A worker ant zombie (D:6)
  8 gnolls
  A howler monkey skeleton (D:8)
  10 adders
  9 river rats (D:5)
  3 shadow imps
  3 white imps
  An ufetubus (D:9)
  An adder skeleton (D:6)
  3 adder zombies (D:5)
  3 worms
  10 leopard geckos
  58 orcs
  4 ball pythons
  8 giant cockroaches
  3 goblins
  7 hobgoblins
  17 jackals
  7 kobolds
  11 quokkas
  8 bats
  A goblin zombie (Ossuary)
  7 hobgoblin zombies (Ossuary)
  A jackal skeleton (D:4)
  3 jackal zombies (Ossuary)
  11 kobold zombies (Ossuary)
  8 orc zombies (Ossuary)
  A quokka skeleton (D:9)
  24 rats
  3 rat zombies (Ossuary)
321 creatures vanquished.

Vanquished Creatures (others)
  A white imp (D:7)
1 creature vanquished.

Grand Total: 322 creatures vanquished

Notes
Turn   | Place    | Note
-------+----------+-------------------------------------------
     0 | D:1      | sahdkjhfkaj the Troll Transmuter began the quest for the
                  | Orb.
     0 | D:1      | Reached XP level 1. HP: 18/18 MP: 1/1
    50 | D:1      | Reached XP level 2. HP: 19/26 MP: 2/2
   489 | D:2      | Found a blossoming altar of Fedhas.
   494 | D:2      | Reached XP level 3. HP: 32/32 MP: 3/3
   743 | D:2      | Reached XP level 4. HP: 40/40 MP: 4/4
   901 | D:2      | Found a burning altar of Makhleb.
   901 | D:2      | Found a glowing silver altar of Zin.
   902 | D:2      | Noticed an angel
   902 | D:2      | Noticed a balrug
  1265 | D:3      | Found a shimmering altar of Xom.
  1307 | D:3      | Found a snail-covered altar of Cheibriados.
  1852 | D:4      | Reached XP level 5. HP: 41/46 MP: 5/5
  1861 | D:4      | Learned a level 5 spell: Blade Hands
  2012 | D:4      | Reached XP level 6. HP: 54/54 MP: 6/6
  2052 | D:4      | Found a staircase to the Ecumenical Temple.
  2061 | Temple   | Entered the Ecumenical Temple
  2155 | Temple   | Became a worshipper of Ashenzari the Shackled
  2246 | D:4      | Found a sand-covered staircase.
  2322 | Ossuary  | Entered an ossuary
  2499 | Ossuary  | Reached skill level 5 in Unarmed Combat
  2637 | D:4      | Found a shadowy altar of Dithmenos.
  2691 | D:4      | Reached XP level 7. HP: 55/61 MP: 7/7
  2888 | D:5      | Entered Level 5 of the Dungeon
  3018 | D:4      | Reached skill level 5 in Transmutations
  3248 | D:5      | Reached * piety under Ashenzari
  3485 | D:5      | Found an ancient bone altar of Kikubaaqudgha.
  3595 | D:5      | Reached XP level 8. HP: 60/68 MP: 8/8
  3652 | D:5      | Found a runed translucent door.
  3653 | D:5      | Noticed Crazy Yiuf
  4786 | D:6      | Found a hide-covered altar of Uskayaw.
  4794 | D:6      | Found a bloodstained altar of Trog.
  4794 | D:6      | Found a sparkling altar of Nemelex Xobeh.
  4795 | D:6      | Found a radiant altar of Vehumet.
  4796 | D:6      | Found a basalt altar of Yredelemnul.
  4797 | D:6      | Found a sacrificial altar of Ru.
  5750 | D:8      | Reached XP level 9. HP: 42/75 MP: 9/9
  6594 | D:8      | Found a roughly hewn altar of Beogh.
  6848 | D:7      | Found an iron altar of Okawaru.
  6849 | D:7      | Reached ** piety under Ashenzari
  7910 | D:9      | Noticed Maggie
  7921 | D:9      | Reached XP level 10. HP: 57/83 MP: 10/10
  7928 | D:9      | Killed Maggie
  8188 | D:9      | Noticed Psyche
  8198 | D:9      | Killed Psyche
  8433 | D:9      | Found a snail-covered altar of Cheibriados.
  8466 | D:9      | Killed from afar by an orc priest

Illustrated notes

Levels and vault maps discovered:
D:1:      lightli_arrival_windingriver, layout_rooms, minmay_split_cup_large
D:2:      layout_rooms, grunt_temple_overflow_order_and_chaos_2,
          roderic_lattice_a, chequers_mini_garden, fedhas_altar_3
D:3:      layout_basic, marbit_many_paths, cheibriados_altar_1
D:4:      layout_gridville, nicolae_dithmenos_through_a_glass_darkly,
          minmay_temple_entry_slanted, enter_ossuary_3
D:5:      lemuel_ratsnest, layout_rooms, kennysheep_mini,
          kennysheep_generic_room_10, uniq_crazy_yiuf_cottage
D:6:      layout_loops_corners, minitemple
D:7:      layout_basic, minmay_crystal_water, okawaru_trees_1
D:8:      layout_basic, special_room [special_room_orc]
D:9:      layout_layer_cave, lemuel_crystal_altar, hiddenorc1_lemuel,
          corner_web_ring, minmay_diced_spiral, uniq_maggie, uniq_erolcha,
          uniq_psyche
Temple:   compressed_dpeg_circular_temple

Skill      XL: |  1  2  3  4  5  6  7  8  9 10 |
---------------+-------------------------------+-----
Transmutations | 2 3 4 6 7 9 |  9.8
Unarmed Combat | 4 5 6 7 8 9 |  9.4
Fighting       | |  0.7
Dodging        | |  1.5
Spellcasting   | |  1.2

Action                   |  1- 3 |  4- 6 |  7- 9 | 10-12 || total
-------------------------+-------+-------+-------+-------++-------
Melee: Unarmed           |    87 |   247 |   606 |    81 ||  1021
       Punch             |       |     5 |    13 |     3 ||    21
 Cast: Blade Hands       |       |       |    11 |     8 ||    19
Invok: Curse Item        |       |     1 |       |       ||     1
  Use: Scroll            |       |     5 |     3 |       ||     8
       Potion            |       |       |     1 |     1 ||     2
 Stab: Sleeping          |       |     1 |     1 |       ||     2
       Distracted        |       |       |     1 |       ||     1
Armor: Robe              |    37 |    94 |   193 |    31 ||   355
Dodge: Dodged            |    58 |   111 |   259 |    53 ||   481
Block: Other             |       |    40 |   110 |    36 ||   186
       Reflection        |       |       |     2 |     3 ||     5

Table legend: (Time is in decaauts)
 A = Elapsed time spent in this place.
 B = Non-inter-level travel time spent in this place.
 C = Inter-level travel time spent in this place.
 D = Time resting spent in this place.
 E = Time spent auto-exploring this place.
 F = Levels seen in this place.
 G = Mean time per level.
                   A        B        C        D        E       F      G
               +--------+--------+--------+--------+--------+-----+--------+
         Total |   8358 |   8005 |    353 |    528 |   5584 |  11 |  759.8 |
       Dungeon |   7977 |   7663 |    314 |    525 |   5409 |   9 |  886.3 |
        Temple |    120 |     81 |     39 |      0 |     75 |   1 |  120.0 |
       Ossuary |    260 |    260 |      0 |      3 |    100 |   1 |  260.0 |
               +--------+--------+--------+--------+--------+-----+--------+

Top non-repeatable levels by time:
     D:7: 1368 daAuts
     D:8: 1336 daAuts
     D:6: 1032 daAuts
     D:5: 913 daAuts
     D:4: 831 daAuts
     D:3: 770 daAuts
     D:9: 677 daAuts
     D:2: 564 daAuts
     D:1: 482 daAuts
 Ossuary: 260 daAuts
  Temple: 120 daAuts
